 Dungeon Crawl Stone Soup version 0.19.1 (webtiles) character file.

72 mmcf the Insei (level 4, -5/32 HPs)
             Began as a Merfolk Transmuter on Dec 3, 2016.
             Slain by a hobgoblin
             ... wielding a +0 club
             ... led by Robin
              (6 damage)
             ... on level 2 of the Dungeon.
             The game lasted 00:03:44 (2608 turns).

mmcf the Insei (Merfolk Transmuter)                 Turns: 2608, Time: 00:03:45

Health: -5/32      AC:  2    Str: 10    XL:     4   Next: 25%
Magic:  5/7        EV: 13    Int: 13    God:
Gold:   74         SH:  0    Dex: 14    Spells: 3 memorised, 1 level left

rFire  . . .     SeeInvis .       - Unarmed
rCold  . . .     Gourm    .     b - +0 robe
rNeg   . . .     Faith    .     (no shield)
rPois  .         Spirit   .     (no helmet)
rElec  .         Reflect  .     (no cloak)
rCorr  .         Harm     .     (no gloves)
MR     .....                    (no boots)
Stlth  +.........               (no amulet)
                                (no ring)
                                (no ring)

@: no status effects
A: change form in water, swift swim, stealthy swim
a: no special abilities


You were on level 2 of the Dungeon.
You were not hungry.

You visited 1 branch of the dungeon, and saw 2 of its levels.

You collected 74 gold pieces.

Inventory:

Hand Weapons
 k - a +0 spear
Missiles
 a - 8 arrows
 g - 48 stones (quivered)
Armour
 b - a +0 robe (worn)
Scrolls
 f - a scroll of enchant armour {unknown}
 h - a scroll of enchant weapon {unknown}
 i - a scroll of magic mapping {unknown}
 j - a scroll of remove curse {unknown}
 l - 2 scrolls of identify {unknown}
 n - a scroll of fear {unknown}
Potions
 e - 2 potions of brilliance {unknown}
 m - a potion of ambrosia {unknown}
 p - a potion of haste {unknown}
Books
 c - a book of Changes

   Spells                             Type                      Level
   a - Beastly Appendage              Transmutation                1
   b - Sticks to Snakes               Transmutation                2
   c - Spider Form                    Transmutation/Poison         3
   d - Ice Form                       Ice/Transmutation            4
   e - Blade Hands                    Transmutation                5
Comestibles
 d - 2 bread rations


   Skills:
 - Level 1.1 Fighting
 - Level 2.6 Dodging
 + Level 5.4 Unarmed Combat
 - Level 2.0 Spellcasting
 - Level 2.6 Transmutations


You had one spell level left.
You knew the following spells:

 Your Spells              Type           Power        Failure   Level  Hunger
a - Beastly Appendage     Tmut           #.....       10%         1    ##.....
b - Sticks to Snakes      Tmut           #.......     14%         2    ###....
c - Spider Form           Tmut/Pois      #.........   52%         3    ####...


Dungeon Overview and Level Annotations

Branches:
Dungeon (2/15)

Altars:


Message History

There is a stone staircase leading up here.
You hit the hobgoblin.
The hobgoblin is heavily wounded.
The hobgoblin hits you.
* * * LOW HITPOINT WARNING * * *
You hit the hobgoblin.
You kill the hobgoblin!
You barely miss the hobgoblin. The hobgoblin hits you with a club.
* * * LOW HITPOINT WARNING * * *
You hit the hobgoblin.
The hobgoblin is heavily wounded.
The hobgoblin completely misses you.
You barely miss the hobgoblin.
The hobgoblin is heavily wounded.
The hobgoblin hits you with a club.
* * * LOW HITPOINT WARNING * * *
Casting: Beastly Appendage
Confirm with . or Enter, or press ? or * to list all spells.
You create a snake!
You now have 8 arrows.
The hobgoblin hits you with a club.
You die...

#######....#
...........#
#########....#
g.g...g.#.####
#########)#.#
........#.#.#
........†)#.########
########.###.#......#
.........g@..#.####.#
########.#.)S.....#.#
#.#.###.##.#.#
#.#...#....#.#
#.##########.#
#............#
##############


You could see a hobgoblin and a friendly ball python.

Vanquished Creatures
  Robin (D:2)
  2 dart slugs (D:1)
  4 giant cockroaches (D:1)
  5 goblins
  6 hobgoblins
  4 jackals
  8 bats
  7 frilled lizards
  4 kobolds
  6 rats
47 creatures vanquished.

Vanquished Creatures (collateral kills)
  An adder (D:2)
1 creature vanquished.

Grand Total: 48 creatures vanquished

Notes
Turn   | Place    | Note
-------+----------+-------------------------------------------
     0 | D:1      | mmcf the Merfolk Transmuter began the quest for the Orb.
     0 | D:1      | Reached XP level 1. HP: 15/15 MP: 3/3
   606 | D:1      | Reached XP level 2. HP: 17/21 MP: 3/5
   615 | D:1      | Learned a level 2 spell: Sticks to Snakes
   809 | D:2      | Reached skill level 4 in Unarmed Combat
  1179 | D:1      | Reached XP level 3. HP: 26/26 MP: 4/6
  1188 | D:1      | Learned a level 3 spell: Spider Form
  1922 | D:1      | Reached skill level 5 in Unarmed Combat
  2558 | D:2      | Noticed Robin
  2583 | D:2      | Reached XP level 4. HP: 29/32 MP: 5/7
  2600 | D:2      | Killed Robin
  2607 | D:2      | HP: 1/32 [hobgoblin/club[Robin] (1)]
  2608 | D:2      | Slain by a hobgoblin

Skill      XL: |  1  2  3 |
---------------+----------+-----
Unarmed Combat | 4 5 |  5.4
Fighting       | |  1.1
Dodging        | |  2.6
Spellcasting   | |  2.0
Transmutations | |  2.6

Action                   |  1- 3 |  4- 6 || total
-------------------------+-------+-------++-------
Melee: Unarmed           |   166 |    16 ||   182
       Headbutt          |     3 |     2 ||     5
       Punch             |     4 |       ||     4
 Cast: Beastly Appendage |     6 |       ||     6
       Sticks to Snakes  |     3 |     1 ||     4
 Stab: Sleeping          |     1 |       ||     1
  Eat: Chunk             |     6 |       ||     6
Armor: Robe              |    48 |     2 ||    50
Dodge: Dodged            |   155 |    14 ||   169
